Map: Deathaura LE

Players

Rex

  • Race: Zerg Zerg
  • League: Master
  • Spawn Location: 5:00

Has - Winner!

  • Race: Protoss Protoss
  • Spawn Location: 11:00

Event: DreamHack SC2 Masters 2020 Winter

VOD

Have the link to the VOD?

Description

Time

  • Played on: Oct. 23, 2020, 9:12 a.m.
  • Length: 10:41

All games in this series

Show
View Real Time Build Order
Export as new Build Order

Rex Zerg 

Build Orders: Hatch First 

Get SALT Encoding   

  12  0:00  Drone  
  13  0:12  Overlord  
  13  0:18  Drone  
  14  0:30  Drone x2  
  16  0:51  Hatchery  
  16  0:54  Drone x2  
  17  0:58  Drone  
  18  1:06  Extractor  
  17  1:14  Spawning Pool  
  17  1:17  Drone  
  17  1:20  Drone  
  18  1:28  Drone  
  19  1:39  Drone  
  20  1:49  Overlord  
  20  2:02  Queen  
  20  2:05  Queen  
  20  2:06  Metabolic Boost  
  24  2:11  Zergling x6  
  27  2:33  Hatchery  
  26  2:44  Zergling x6  
  26  2:46  Queen  
  30  3:13  Overlord  
  30  3:20  Drone x2  
  30  3:22  Drone x4  
  36  3:32  Queen  
  37  3:41  Spore Crawler  
  36  3:43  Drone x5  
  41  3:50  Drone  
  41  3:51  Drone x2  
  44  3:56  Drone  
  44  4:04  Drone  
  44  4:07  Drone  
  44  4:08  Drone  
  46  4:12  Drone  
  47  4:19  Drone x2  
  47  4:22  Spore Crawler  
  48  4:25  Roach Warren  
  48  4:29  Overlord x2  
  47  4:33  Overlord  
  47  4:34  Drone  
  47  4:35  Overlord  
  47  4:38  Spore Crawler  
  47  4:42  Zergling x4  
  49  4:52  Drone x3  
  52  4:55  Drone x6  
  58  5:02  Overlord  
  57  5:08  Roach x4  
  57  5:09  Roach  
  66  5:14  Roach x2  
  66  5:17  Extractor  
  66  5:18  Extractor, Roach  
  70  5:24  Roach, Zergling x6  
  75  5:32  Roach  
  75  5:33  Zergling x10  
  83  5:35  Drone  
  83  5:39  Drone  
  84  5:49  Zergling x6  
  85  5:55  Drone  
  85  5:56  Drone x5  
  87  5:58  Lair  
  87  6:00  Drone  
  87  6:03  Drone  
  88  6:04  Drone  
  88  6:08  Overlord x3  
  89  6:17  Overlord  
  89  6:18  Overlord  
  89  6:20  Overlord  
  89  6:25  Ravager  
  92  6:33  Roach x6  
  92  6:38  Drone x5  
  106  6:40  Extractor  
  106  6:41  Extractor  
  105  6:47  Drone  
  105  6:55  Drone  
  105  6:56  Drone x3  
  108  7:05  Drone, Overseer  
  108  7:07  Drone x7  
  113  7:14  Drone x4  
  116  7:21  Hatchery  
  114  7:28  Spire  
  113  7:31  Extractor, Overseer  
  113  7:34  Drone  
  113  7:35  Drone x2  
  113  7:36  Drone  
  116  7:41  Glial Reconstitution  
  117  7:58  Drone  
  117  8:03  Roach x7  
  117  8:05  Overlord x3  
  131  8:13  Overlord  
  131  8:25  Spore Crawler  
  131  8:28  Overseer  
  131  8:30  Ravager x3  
  131  8:31  Zergling x18, Ravager x4  
  147  8:38  Zergling x4  
  149  8:47  Zergling x6  
  152  8:49  Spine Crawler  
  152  8:50  Spine Crawler x2  
  147  9:00  Roach x7  
  147  9:02  Roach  
  130  9:07  Roach  
  113  9:10  Roach  
  113  9:12  Roach x3  
  113  9:16  Roach  
  111  9:19  Roach x2  
  111  9:21  Roach  
  111  9:23  Roach  
  109  9:30  Roach x2  
  102  9:32  Roach  
  102  9:34  Roach  
  102  9:37  Roach  
  73  9:41  Roach  
  73  9:42  Roach  
  71  9:48  Ravager x3  
  71  9:49  Ravager  
  71  9:50  Ravager x2  
  71  9:51  Zergling x2  
  78  9:53  Zergling x2  
  78  9:54  Zergling x2  
  65  10:13  Zergling x4  
  51  10:17  Zergling x6  
  51  10:20  Zergling x2  
  38  10:21  Zergling x2  
Show
View Real Time Build Order
Export as new Build Order

Has Protoss - Winner!

Build Orders: Oracle Opening, Archon Immortal 

Get SALT Encoding   

  12  0:00  Probe  
  13  0:12  Probe  
  14  0:17  Pylon  
  14  0:24  Probe (Chrono Boost)  
  15  0:36  Probe (Chrono Boost)  
  15  0:38  Gateway  
  16  0:45  Probe (Chrono Boost)  
  17  0:50  Probe  
  17  0:55  Assimilator  
  18  1:03  Probe  
  19  1:04  Unknown x2  
  19  1:05  Unknown  
  19  1:10  Gateway  
  19  1:15  Probe  
  20  1:24  Cybernetics Core  
  20  1:27  Probe  
  20  1:32  Pylon  
  21  1:39  Probe  
  22  1:41  Assimilator  
  22  2:00  Adept x2 (Chrono Boost)  
  26  2:14  Nexus  
  26  2:20  Pylon  
  26  2:29  Stalker  
  29  2:40  Stargate  
  29  2:43  Probe  
  29  2:50  Warp Gate  
  29  2:55  Probe  
  30  3:08  Probe  
  31  3:21  Oracle (Chrono Boost)  
  31  3:22  Probe (Chrono Boost)  
  35  3:29  Probe (Chrono Boost)  
  37  3:39  Probe (Chrono Boost)  
  37  3:40  Probe (Chrono Boost)  
  38  3:44  Probe (Chrono Boost)  
  38  3:45  Probe (Chrono Boost)  
  38  3:47  Twilight Council  
  40  3:50  Shield Battery  
  40  3:55  Probe  
  41  3:57  Probe  
  42  4:07  Probe (Chrono Boost)  
  44  4:11  Probe (Chrono Boost)  
  44  4:17  Gateway  
  44  4:19  Probe (Chrono Boost)  
  44  4:20  Gateway, Resonating Glaives (Chrono Boost)  
  46  4:26  Pylon  
  46  4:27  Probe (Chrono Boost)  
  46  4:31  Pylon  
  46  4:42  Pylon  
  46  4:44  Probe x2  
  46  4:45  Adept x2  
  52  4:46  Robotics Facility  
  52  4:56  Probe  
  53  5:00  Probe  
  53  5:07  Adept x2  
  56  5:08  Probe  
  56  5:09  Dark Shrine  
  56  5:12  Assimilator, Probe  
  56  5:14  Assimilator  
  56  5:15  Adept x2  
  60  5:27  Forge  
  60  5:33  Warp Prism (Chrono Boost)  
  62  5:37  Pylon  
  62  5:41  Pylon  
  62  5:45  Adept x4  
  62  5:49  Probe  
  61  6:00  Protoss Ground Weapons Level 1 (Chrono Boost)  
  61  6:03  Probe x2  
  61  6:06  Immortal  
  65  6:24  Nexus  
  65  6:26  Pylon  
  65  6:33  Probe  
  65  6:37  Dark Templar x4  
  74  6:41  Probe  
  74  6:45  Probe  
  76  6:54  Probe  
  75  6:55  Immortal (Chrono Boost)  
  73  7:05  Probe  
  73  7:06  Probe  
  73  7:17  Probe  
  73  7:18  Probe  
  73  7:19  Charge (Chrono Boost)  
  73  7:22  Gateway  
  73  7:24  Gateway  
  73  7:25  Photon Cannon, Gateway  
  73  7:26  Immortal (Chrono Boost)  
  77  7:30  Probe  
  77  7:31  Probe  
  77  7:34  Sentry x3  
  85  7:41  Probe  
  86  7:48  Archon  
  86  7:57  Immortal (Chrono Boost)  
  86  8:04  Pylon, Zealot x4  
  86  8:05  Pylon  
  98  8:14  Probe  
  98  8:16  Pylon  
  101  8:22  Dark Templar x2  
  101  8:26  Zealot x5  
  113  8:27  Archon  
  113  8:48  Zealot  
  115  8:49  Zealot x4  
  123  8:57  Zealot x2  
  111  9:09  Zealot x5  
  100  9:13  Probe x3  
  100  9:14  Immortal (Chrono Boost)  
  99  9:20  Zealot x2  
  85  9:38  Zealot x3  
  85  9:39  Zealot x2  
  85  9:43  Probe  
  85  9:44  Zealot  
  85  9:45  Zealot x6  
  94  10:05  Dark Templar x6  
Tags
 
Add a new tag
Caveats
  • Supply blocks, unpowered buildings, or Contaminate may cause inaccurate times.
  • Supply counts are checked every 10 seconds.